 Dungeon Crawl Stone Soup version 0.19.4 (webtiles) character file.

79 vatarom the Insei (level 4, 21/28 HPs)
             Began as an Octopode Transmuter on Feb 2, 2017.
             Was a Follower of Makhleb.
             Quit the game on level 2 of the Dungeon.
             The game lasted 00:04:44 (1681 turns).

vatarom the Insei (Octopode Transmuter)             Turns: 1681, Time: 00:04:44

Health: 21/28      AC:  1    Str: 12    XL:     4   Next: 38%
Magic:  8/8        EV: 13    Int: 15    God:    Makhleb [*.....]
Gold:   101        SH:  0    Dex: 13    Spells: 3 memorised, 2 levels left

rFire  + . .     SeeInvis .       - Unarmed
rCold  . . .     Gourm    .     (no shield)
rNeg   . . .     Faith    .     (helmet restricted)
rPois  .         Spirit   .     (no amulet)
rElec  .         Reflect  .     f - ring of protection from fire
rCorr  .         Harm     .     g - +3 ring of strength
MR     .....                    (no ring)
Stlth  ++........               (no ring)
                                (no ring)
                                (no ring)
                                (no ring)
                                (no ring)

@: mildly poisoned (21 -> 18)
A: almost no armour, stealthy swim, amphibious, 8 rings, constrict 8, camouflage
1, gelatinous body 1
a: Renounce Religion


You were on level 2 of the Dungeon.
You worshipped Makhleb.
Makhleb was aware of your devotion.
You were not hungry.

You visited 1 branch of the dungeon, and saw 2 of its levels.

You collected 101 gold pieces.

Inventory:

Missiles
 a - 10 arrows
Jewellery
 f - a ring of protection from fire (left tentacle)
 g - a +3 ring of strength (right tentacle)
Scrolls
 d - 4 scrolls of identify
 k - a scroll of recharging {unknown}
Potions
 c - a potion of cure mutation {unknown}
 e - a potion of invisibility
 i - a potion of ambrosia {unknown}
 j - a potion of berserk rage
 l - a potion of agility {unknown}
 m - a potion of heal wounds {unknown}
Books
 b - a book of Changes

   Spells                             Type                      Level
   a - Beastly Appendage              Transmutation                1
   b - Sticks to Snakes               Transmutation                2
   c - Spider Form                    Transmutation/Poison         3
   d - Ice Form                       Ice/Transmutation            4
   e - Blade Hands                    Transmutation                5
Comestibles
 h - a slice of pizza


   Skills:
 - Level 1.0 Fighting
 - Level 2.0 Dodging
 * Level 4.1 Unarmed Combat
 + Level 2.7 Spellcasting
 + Level 2.7 Transmutations


You had 2 spell levels left.
You knew the following spells:

 Your Spells              Type           Power        Failure   Level  Hunger
a - Beastly Appendage     Tmut           ##....       10%         1    #......
b - Sticks to Snakes      Tmut           ##......     12%         2    ##.....
c - Spider Form           Tmut/Pois      #.........   34%         3    ###....


Dungeon Overview and Level Annotations

Branches:
Dungeon (2/15)

Altars:
Elyvilon
Makhleb


Innate Abilities, Weirdness & Mutations

You cannot wear most types of armour.
You are very stealthy in the water. (Stealth+)
You are amphibious.
You can wear up to eight rings at the same time.
You can use your tentacles to constrict eight enemies at once.
Your skin changes colour to match your surroundings (Stealth+).
Your rubbery body absorbs attacks. (AC +1, EV +1)


Message History

Your adder withers and dies!
Your magical contamination has completely faded away.
You now have 91 gold pieces (gained 12).
d - 3 scrolls of identify (gained 1)
l - a viscous white potion Your adder withers and dies!
d - 4 scrolls of identify (gained 1)
You now have 101 gold pieces (gained 10).
m - an emerald potion Magic restored.
You see here a jackal corpse.
An adder comes into view.
The adder closely misses you. The adder barely misses you.
You barely miss the adder. Your grab misses the adder.
Your squeeze misses the adder. The adder bites you.
You are poisoned.
The adder poisons you!
You closely miss the adder. Your grab misses the adder.
Your squeeze misses the adder.
You feel sick. The adder barely misses you.
Are you sure you want to abandon this character and quit the game? (Confirm with "yes".)

#.....#<..###.#.
#.....#.#.###.#.
#.....#.#.....#.
####..#.#######.
#..#.........
######..##........
#.................
#.########........
#@# ########.
#S....# ## #.....#
##### #. ##....#
#)..# ## ....#
#.).# ....# #...#
....# ##'## ....#
♣.♣♣ ## ♣♣.♣ #.


You could see an adder.

Vanquished Creatures
  Crazy Yiuf (D:2)
  An adder (D:2)
  An ooze (D:1)
  A ball python (D:2)
  4 bats
  3 giant cockroaches
  5 hobgoblins
  A jackal (D:2)
  2 quokkas (D:2)
  3 frilled lizards
  5 goblins
  5 kobolds
  3 rats
35 creatures vanquished.

Vanquished Creatures (collateral kills)
  An ooze (D:2)
  A jackal (D:2)
2 creatures vanquished.

Grand Total: 37 creatures vanquished

Notes
Turn   | Place    | Note
-------+----------+-------------------------------------------
     0 | D:1      | vatarom the Octopode Transmuter began the quest for the Orb.
     0 | D:1      | Reached XP level 1. HP: 13/13 MP: 3/3
   142 | D:1      | Reached XP level 2. HP: 16/18 MP: 3/5
   146 | D:1      | Learned a level 2 spell: Sticks to Snakes
   746 | D:2      | Reached XP level 3. HP: 23/23 MP: 6/6
   782 | D:2      | Learned a level 3 spell: Spider Form
   897 | D:2      | Found a white marble altar of Elyvilon.
  1206 | D:2      | Found a faded altar of an unknown god.
  1229 | D:2      | Became a worshipper of Makhleb the Destroyer
  1229 | D:2      | Reached * piety under Makhleb
  1386 | D:2      | Found a runed door.
  1492 | D:2      | Noticed Crazy Yiuf
  1499 | D:2      | Killed Crazy Yiuf
  1499 | D:2      | Reached skill level 4 in Unarmed Combat
  1499 | D:2      | Reached XP level 4. HP: 19/28 MP: 3/8
  1681 | D:2      | Quit the game

Skill      XL: |  1  2  3 |
---------------+----------+-----
Unarmed Combat | 4 |  4.1
Fighting       | |  1.0
Dodging        | |  2.0
Spellcasting   | |  2.7
Transmutations | |  2.7

Action                   |  1- 3 |  4- 6 || total
-------------------------+-------+-------++-------
Melee: Unarmed           |    78 |     6 ||    84
       Constrict         |    17 |     2 ||    19
       Tentacles         |     7 |       ||     7
       Kick              |     1 |       ||     1
       Punch             |     1 |       ||     1
 Cast: Beastly Appendage |     1 |       ||     1
       Spider Form       |     1 |       ||     1
       Sticks to Snakes  |       |     2 ||     2
  Use: Scroll            |     7 |       ||     7
       Potion            |     2 |       ||     2
 Stab: Sleeping          |     5 |       ||     5
       Distracted        |     1 |       ||     1
  Eat: Bread ration      |     1 |       ||     1
Armor: Skin              |     8 |       ||     8
Dodge: Dodged            |    39 |     7 ||    46
